Map: Automaton LE

Players

applelime

  • Race: Zerg Zerg
  • League: Silver
  • Spawn Location: 9:00

Odin - Winner!

  • Race: Protoss Protoss
  • League: Gold
  • Spawn Location: 3:00

VOD

Have the link to the VOD?

Description

Time

  • Played on: Dec. 6, 2018, 10:26 p.m.
  • Length: 16:26
Show
View Real Time Build Order
Export as new Build Order

applelime Zerg 

Build Orders: Hatch First 

Get SALT Encoding   

  12  0:01  Drone  
  13  0:09  Drone  
  14  0:18  Overlord  
  14  0:28  Extractor  
  13  0:29  Drone  
  15  0:43  Drone  
  15  0:44  Drone  
  17  0:58  Hatchery  
  16  1:13  Spawning Pool  
  15  1:26  Drone  
  15  1:27  Drone x2  
  18  1:38  Drone  
  19  1:54  Drone  
  20  2:02  Queen  
  20  2:05  Extractor, Zergling x2  
  22  2:10  Queen  
  22  2:13  Drone  
  25  2:17  Overlord  
  25  2:28  Drone  
  26  2:39  Zergling x4  
  28  2:44  Drone x3  
  28  2:49  Queen  
  33  2:54  Queen  
  33  2:57  Drone  
  36  2:58  Overlord  
  36  3:17  Drone x5  
  36  3:18  Drone  
  41  3:41  Zergling x8  
  42  3:42  Zergling x2  
  40  4:16  Spore Crawler  
  39  4:18  Lair  
  39  4:20  Spore Crawler  
  39  4:22  Drone x3  
  39  4:23  Drone x3  
  44  4:31  Overlord  
  44  4:32  Overlord x2  
  44  4:49  Queen  
  45  5:01  Hatchery  
  45  5:02  Overlord  
  45  5:03  Overlord  
  44  5:24  Overlord  
  44  5:34  Drone x11  
  55  5:48  Hydralisk Den  
  54  5:55  Infestation Pit  
  53  6:19  Queen  
  55  6:27  Hydralisk  
  55  6:28  Hydralisk x5  
  67  6:33  Extractor  
  67  6:37  Extractor, Drone x4  
  69  6:44  Overseer  
  68  7:29  Drone x4  
  72  7:30  Drone  
  72  7:32  Drone x4  
  72  7:33  Drone  
  73  7:54  Hydralisk x2  
  73  7:55  Hydralisk  
  79  8:03  Pathogen Glands  
  76  8:09  Grooved Spines  
  76  8:16  Evolution Chamber  
  75  8:21  Evolution Chamber  
  75  8:24  Lurker Den  
  75  8:26  Zergling x12  
  75  8:27  Zergling x12  
  85  8:28  Zergling x4  
  85  8:33  Hatchery  
  86  8:38  Overlord x2  
  86  8:39  Overlord  
  86  8:40  Hydralisk  
  88  8:42  Zergling x2  
  88  8:45  Zerg Melee Weapons Level 1  
  76  9:17  Overlord x8  
  76  9:19  Swarm Host  
  76  9:20  Hydralisk x2  
  76  9:21  Hydralisk x3  
  87  9:32  Spore Crawler, Drone  
  87  9:33  Drone x11  
  98  9:40  Overseer x3  
  98  9:50  Queen  
  100  10:04  Hydralisk  
  100  10:05  Hydralisk x3  
  108  10:12  Drone x3  
  108  10:13  Drone x2  
  113  10:25  Queen  
  113  10:52  Spire  
  113  10:55  Hydralisk x4  
  114  11:03  Overlord  
  114  11:04  Drone x6  
  114  11:07  Spore Crawler  
  117  11:17  Zerg Missile Weapons Level 1  
  117  11:24  Lurker  
  118  11:29  Extractor  
  118  11:32  Extractor  
  116  11:42  Spore Crawler  
  115  11:53  Lurker  
  115  11:54  Lurker  
  117  11:57  Zergling x20  
  117  11:58  Zergling x10  
  116  12:16  Hydralisk  
  116  12:17  Hydralisk x2  
  113  12:51  Baneling Nest  
  113  12:53  Overlord x3, Hydralisk  
  113  12:54  Hydralisk x6  
  126  13:09  Metabolic Boost  
  126  13:17  Drone x3  
  126  13:18  Drone  
  128  13:35  Zerg Missile Weapons Level 2  
  128  13:38  Neural Parasite  
  128  13:42  Infestor  
  128  13:48  Drone x2  
  129  14:18  Infestor x2  
  129  14:24  Drone x3  
  135  14:25  Drone x2  
  135  14:30  Centrifical Hooks  
  130  14:46  Muscular Augments  
  130  14:51  Drone x2  
  130  14:52  Drone x3  
  135  14:53  Drone  
  132  15:13  Overlord x4  
  132  15:14  Overlord  
  132  15:35  Baneling  
  132  15:36  Baneling x3  
  132  15:37  Baneling x2  
  132  15:39  Lurker x5  
  127  16:06  Zergling x2  
Show
View Real Time Build Order
Export as new Build Order

Odin Protoss - Winner!

Build Orders: Phoenix Opening 

Get SALT Encoding   

  12  0:01  Probe  
  13  0:23  Probe  
  13  0:24  Pylon  
  14  0:31  Probe, Assimilator  
  15  0:44  Gateway  
  15  0:51  Probe  
  16  1:03  Probe  
  17  1:15  Probe  
  18  1:28  Probe  
  18  1:30  Gateway  
  19  1:40  Probe  
  19  1:43  Cybernetics Core  
  20  1:52  Probe  
  20  1:53  Assimilator  
  21  1:54  Pylon  
  21  2:04  Probe  
  22  2:16  Probe  
  22  2:22  Stargate  
  23  2:23  Warp Gate  
  23  2:26  Adept x2  
  27  2:34  Probe, Pylon  
  28  2:49  Probe  
  29  2:55  Stalker  
  29  2:56  Stalker  
  33  3:01  Probe  
  34  3:07  Phoenix  
  36  3:17  Pylon  
  36  3:53  Probe  
  37  4:05  Probe  
  37  4:08  Nexus  
  38  4:17  Probe, Gateway  
  38  4:18  Gateway  
  38  4:19  Stargate  
  39  4:28  Probe  
  40  4:36  Probe  
  40  4:44  Probe  
  41  4:51  Assimilator  
  42  4:53  Assimilator  
  42  4:55  Probe  
  39  5:09  Stalker x2  
  39  5:13  Pylon  
  43  5:15  Pylon  
  43  5:20  Shield Battery  
  43  5:22  Probe  
  44  5:32  Phoenix x2  
  48  5:56  Stalker x3  
  54  5:57  Stalker  
  54  6:02  Phoenix  
  54  6:03  Phoenix  
  54  6:04  Probe  
  61  6:05  Probe  
  62  6:12  Probe  
  62  6:13  Probe  
  64  6:19  Forge  
  64  6:22  Forge  
  64  6:29  Twilight Council  
  64  6:33  Phoenix  
  64  6:34  Phoenix  
  68  6:54  Probe  
  68  6:55  Probe  
  70  7:01  Phoenix  
  70  7:03  Phoenix  
  70  7:06  Probe  
  70  7:07  Probe  
  76  7:19  Fleet Beacon  
  76  7:22  Probe x2  
  74  7:52  Phoenix x2  
  78  8:17  Pylon  
  78  8:22  Pylon  
  78  8:23  Pylon  
  78  8:24  Pylon  
  78  8:26  Protoss Ground Weapons Level 1, Protoss Shields Level 1  
  78  8:28  Anion Pulse-Crystals  
  78  8:35  Probe x2  
  80  8:47  Probe x2  
  82  8:49  Nexus, Phoenix x2  
  80  9:29  Phoenix x2  
  82  9:33  Stalker  
  82  9:34  Stalker x2  
  82  9:35  Stalker  
  90  9:38  Charge  
  90  9:40  Gateway  
  90  9:41  Gateway  
  90  9:42  Gateway  
  90  9:45  Gateway  
  90  9:53  Phoenix x2  
  94  10:12  Phoenix x2  
  94  10:19  Pylon  
  98  10:22  Adept, Pylon  
  100  10:32  Probe x2  
  100  10:33  Probe  
  103  10:38  Phoenix x2  
  105  11:06  Phoenix x2  
  109  11:16  Nexus  
  109  11:22  Templar Archives, Zealot  
  111  11:29  Zealot x5  
  111  11:30  Zealot x2  
  125  11:43  Protoss Air Weapons Level 1  
  125  11:45  Protoss Ground Weapons Level 2  
  125  11:47  Protoss Shields Level 2  
  119  12:33  Phoenix x2  
  119  12:36  High Templar x3  
  129  12:37  High Templar  
  129  12:42  Zealot x4  
  139  12:46  Pylon  
  139  12:48  Pylon  
  139  12:50  Assimilator  
  139  12:54  Psionic Storm  
  139  12:57  Assimilator  
  139  13:06  Zealot x4  
  147  13:18  Phoenix x2  
  141  13:40  Zealot x8  
  157  13:43  Phoenix x2  
  161  13:49  Robotics Facility  
  161  14:02  Photon Cannon  
  161  14:05  Photon Cannon  
  161  14:09  Photon Cannon  
  161  15:16  Pylon  
  161  15:17  Pylon  
  161  15:19  Pylon  
  161  15:23  Zealot  
  161  15:24  Zealot x4  
Tags
 
Add a new tag
Caveats
  • Supply blocks, unpowered buildings, or Contaminate may cause inaccurate times.
  • Supply counts are checked every 10 seconds.